 Dungeon Crawl Stone Soup version 0.22-a0-772-gac08f70 (webtiles) character file.

6550 sking99 the Basher (level 10, -3/75 HPs)
             Began as a Demonspawn Gladiator on July 17, 2018.
             Was an Elder of Hepliaklqana.
             Shot with an arrow by a centaur (5 damage)
             ... led by a centaur warrior
             ... on level 11 of the Dungeon.
             The game lasted 00:16:01 (9904 turns).

sking99 the Basher (Demonspawn Gladiator)           Turns: 9904, Time: 00:16:02

Health: -3/75      AC: 14    Str: 17    XL:     10   Next: 70%
Magic:  14/14      EV:  5    Int: 10    God:    Hepliaklqana [****..]
Gold:   460        SH:  3    Dex: 15    Spells: 9/9 levels left

rFire    . . .     SeeInvis .   a - +2 eveningstar (flame)
rCold    . . .     Gourm    .   g - +0 buckler
rNeg     . . .     Faith    .   G - +0 plate armour
rPois    .         Spirit   .   (helmet unavailable)
rElec    .         Reflect  .   D - +0 cloak
rCorr    .         Harm     .   n - +0 pair of gloves
MR       .....                  (no boots)
Stlth    ..........             (no amulet)
HPRegen  0.22/turn              (no ring)
MPRegen  0.14/turn              (no ring)

@: no status effects
A: reduced essence, horns 3, molten scales 1, powered by pain 2, spiny 1
a: Recall Ancestor, Ancestor Identity, Transference, Idealise, Renounce Religion


You were on level 11 of the Dungeon.
You worshipped Hepliaklqana.
Hepliaklqana was greatly pleased with you.
You were not hungry.

You visited 1 branch of the dungeon, and saw 11 of its levels.

You collected 460 gold pieces.

Inventory:

Hand Weapons
 a - a +2 eveningstar of flaming (weapon)
Missiles
 d - a throwing net (quivered)
Armour
 g - a +0 buckler (worn)
 n - a +0 pair of gloves (worn)
 D - a +0 cloak (worn)
 G - a +0 plate armour (worn)
Jewellery
 l - a +5 amulet of reflection {unknown}
 q - a +4 ring of evasion {unknown}
 y - an uncursed ring of positive energy {unknown}
 C - an uncursed amulet of magic regeneration {unknown}
 J - an uncursed ring of see invisible {unknown}
Wands
 b - a wand of scattershot (6)
 p - a wand of disintegration (23)
 B - a wand of paralysis (10)
 E - a wand of random effects (22)
 H - a wand of flame (42)
Scrolls
 h - 2 scrolls of amnesia
 i - 5 scrolls of teleportation
 k - 7 scrolls of fog
 t - 5 scrolls of remove curse
 w - a scroll of blinking {unknown}
 A - a scroll of fear {unknown}
 I - a scroll of magic mapping {unknown}
Potions
 c - a potion of brilliance {unknown}
 e - 8 potions of curing
 j - 2 potions of haste
 m - a potion of magic {unknown}
 o - 4 potions of agility
 r - a potion of ambrosia {unknown}
 s - 3 potions of might {unknown}
 u - a potion of mutation {unknown}
 v - 2 potions of heal wounds {unknown}
 x - a potion of resistance
 z - 3 potions of degeneration {unknown}
 F - a potion of invisibility {unknown}
Comestibles
 f - 16 rations
 K - 9 chunks of flesh


   Skills:
 * Level 9.7 Fighting
 * Level 11.6 Maces & Flails
 - Level 1.7 Throwing
 - Level 2.6 Dodging
 + Level 0.2 Shields
 * Level 6.0 Invocations


You had 9 spell levels left.
You didn't know any spells.
Your spell library contained the following spells:

 Spells                   Type           Power        Failure   Level  Hunger
 Confuse                  Hex            #.......     100%        3    ####...
 Deflect Missiles         Chrm/Air       #.........   100%        6    #######
 Confusing Touch          Hex            #.....       100%        1    ##.....
 Metabolic Englaciation   Hex/Ice        #.........   100%        5    ######.
 Excruciating Wounds      Chrm/Necr      #.........   100%        5    ######.
 Petrify                  Tmut/Erth      #.......     100%        4    #####..
 Disjunction              Tloc           #.........   100%        8    #######
 Infusion                 Chrm           #...         100%        1    ##.....
 Gell's Gravitas          Tloc           #.........   100%        3    ####...
 Yara's Violent Unravell  Hex/Tmut       #.........   100%        5    ######.


Dungeon Overview and Level Annotations

Branches:
Dungeon (11/15)            Temple (0/1) D:7
   Lair: D:8-11         Orc: D:9-12

Altars:
Ashenzari
Gozag
Hepliaklqana
Nemelex Xobeh
Okawaru
Qazlal
Ru
Sif Muna
Trog
Vehumet
Wu Jian
Xom
Yredelemnul
Zin
The Shining One
Beogh

Shops:
D:4 [   D:5 %   D:8 ((:

Annotations:
D:3 3 runed doors, Meatbag's ghost, amateur DEWz
D:7 exclusion: statue
D:8 1 runed door, Mamutox's ghost, novice OgCK


Innate Abilities, Weirdness & Mutations

You have a pair of large horns on your head.
You are partially covered in molten scales. (AC +2)
You sometimes gain power by taking damage.
You are partially covered in sharp spines.
Your life essence is reduced to manifest your ancestor. (-10% HP)


Message History

Okay, then.
As you read the scroll of fog, it crumbles to dust.
The scroll dissolves into smoke.
The centaur shoots an arrow.
The arrow hits you.
* * * LOW HITPOINT WARNING * * *
Z hits something with a dagger of draining.
The centaur shoots an arrow.
The arrow hits you but does no damage.
You hear some strange, mumbled words.
Z resists with some effort.
The centaur shoots an arrow.
You block the arrow.
Z hits something with a dagger of draining.
Reactivating autopickup.
You feel a bit more experienced.
The centaur shoots an arrow.
The arrow hits you.
* * * LOW HITPOINT WARNING * * *
Things that are here:
3 arrows; a club You see here an arrow.
The centaur shoots an arrow.
The arrow barely misses Z.
The arrow hits you.
You die...

########..#.#......#
...................#
##########.......... #
###.....#... #.
##.....#..(# ##.#######
#....#...#.. .........#
#..#...#...#
......§§§###....#...#..
......§§§R@...#...#...#
......§§c###....#...#.
......§§§# #..#...#..
......§§§# #....#...#
......§§§# #..#...#.
.........# #.#..#..
.........# #.###..#
.......c.# .. .
######c###


You could see the friendly Z the hexer and a centaur.

Vanquished Creatures
  An unseen horror (D:10)
  Maurice (D:10)
  A centaur skeleton (D:10)
  A queen bee (D:10)
  Prince Ribbit (D:4)
  A black bear (D:7)
  3 orc warriors
  2 sky beasts
  2 ice beasts
  4 ogres
  3 phantoms
  3 bullfrogs
  A gnoll sergeant (D:7)
  A wyvern zombie (D:8)
  A water moccasin skeleton (D:8)
  A scorpion (D:7)
  14 killer bees
  12 wights
  A howler monkey (D:4)
  3 crimson imps
  4 hounds
  5 orc wizards
  A bullfrog skeleton (D:9)
  3 orc priests
  Natasha (thrice) (D:2)
  6 worker ants
  Ijyb (D:3)
  Terence (D:2)
  An iguana (D:4)
  A howler monkey skeleton (D:8)
  7 gnolls
  12 adders
  A shadow imp (D:10)
  An ooze (D:7)
  3 adder skeletons
  2 worms
  2 leopard geckos
  28 orcs
  6 giant cockroaches
  6 goblins
  4 hobgoblins
  6 jackals
  A quokka (D:8)
  A ball python (D:5)
  7 bats
  6 frilled lizards
  10 kobolds
  6 rats
  A spectral orc (D:3)
193 creatures vanquished.

Vanquished Creatures (collateral kills)
  An unseen horror (D:10)
  Duvessa (D:5)
  An ogre (D:7)
  Dowan (D:5)
  2 killer bees
  A wight (D:9)
  A jelly (D:5)
  An orc priest (D:8)
  A centaur skeleton (D:8)
  2 orc wizards (D:11)
  A gnoll (D:7)
  A howler monkey skeleton (D:4)
  An adder (D:7)
  A leopard gecko (D:6)
  2 orcs
  A quokka (D:5)
19 creatures vanquished.

Vanquished Creatures (others)
  2 hexers
  2 ancestors (D:4)
  6 plants (D:8)
10 creatures vanquished.

Grand Total: 222 creatures vanquished

Notes
Turn   | Place    | Note
-------+----------+-------------------------------------------
     0 | D:1      | sking99 the Demonspawn Gladiator began the quest for the Orb.
     0 | D:1      | Reached XP level 1. HP: 16/16 MP: 1/1
   547 | D:1      | Reached skill level 3 in Maces & Flails
   613 | D:1      | Gained mutation: You have a pair of small horns on your head. [demonic ancestry]
   613 | D:1      | Reached XP level 2. HP: 22/22 MP: 2/2
  1119 | D:2      | Reached XP level 3. HP: 19/28 MP: 3/3
  1297 | D:2      | Noticed Natasha
  1308 | D:2      | Killed Natasha
  1662 | D:2      | Reached skill level 4 in Maces & Flails
  1662 | D:2      | Gained mutation: You are partially covered in sharp spines. [demonic ancestry]
  1662 | D:2      | Reached XP level 4. HP: 23/35 MP: 4/4
  1924 | D:2      | Noticed Natasha
  1931 | D:2      | Killed Natasha
  2088 | D:2      | Noticed Terence
  2096 | D:2      | Killed Terence
  2098 | D:2      | Gained mutation: You have a pair of horns on your head. [demonic ancestry]
  2098 | D:2      | Reached XP level 5. HP: 36/41 MP: 5/5
  2138 | D:2      | Noticed Natasha
  2147 | D:2      | Killed Natasha
  2287 | D:3      | Noticed Ijyb
  2292 | D:3      | Killed Ijyb
  2296 | D:3      | Reached skill level 5 in Maces & Flails
  2337 | D:3      | Found a shimmering altar of Xom.
  2338 | D:3      | Found a hazy altar of Hepliaklqana.
  2338 | D:3      | Noticed a hell beast
  2339 | D:3      | Noticed a hell beast
  2339 | D:3      | Noticed a spectral ugly thing
  2361 | D:3      | Became a worshipper of Hepliaklqana the Forgotten
  2420 | D:3      | Found a runed gate.
  2421 | D:3      | Found a runed gate.
  2421 | D:3      | Noticed Meatbag's ghost (amateur DEWz)
  2422 | D:3      | Found a runed gate.
  2425 | D:3      | Found a roughly hewn altar of Beogh.
  2958 | D:3      | Found a basalt altar of Yredelemnul.
  3062 | D:4      | Found Bonaef's Armour Shoppe.
  3064 | D:4      | Noticed an ogre
  3102 | D:4      | Reached * piety under Hepliaklqana
  3103 | D:4      | Noticed a phantom
  3137 | D:4      | Killed a phantom
  3137 | D:4      | Reached XP level 6. HP: 31/43 MP: 6/6
  3353 | D:4      | Reached skill level 6 in Maces & Flails
  3353 | D:4      | Gained mutation: You sometimes gain a little power by taking damage. [demonic ancestry]
  3353 | D:4      | Reached XP level 7. HP: 46/49 MP: 7/7
  3370 | D:4      | Found a bloodstained altar of Trog.
  4015 | D:4      | Reached skill level 5 in Fighting
  4112 | D:5      | Entered Level 5 of the Dungeon
  4112 | D:5      | Found a sparkling altar of Nemelex Xobeh.
  4112 | D:5      | Noticed Prince Ribbit
  4112 | D:5      | Noticed Duvessa
  4112 | D:5      | Noticed Dowan
  4123 | D:4      | Killed Prince Ribbit
  4123 | D:4      | Reached skill level 7 in Maces & Flails
  4375 | D:5      | Killed Duvessa
  4375 | D:5      | Gained mutation: You sometimes gain power by taking damage. [demonic ancestry]
  4375 | D:5      | Reached XP level 8. HP: 43/57 MP: 8/8
  4382 | D:5      | Killed Dowan
  4624 | D:5      | Reached skill level 8 in Maces & Flails
  4831 | D:5      | Found Obautoul's Food Emporium.
  4865 | D:6      | Identified Oneebipn's Reference Book on Assistive Translocation
  4879 | D:6      | Reached ** piety under Hepliaklqana
  4880 | D:6      | Remembered your ancestor Z as a hexer
  6033 | D:7      | Found a staircase to the Ecumenical Temple.
  6126 | D:7      | Reached skill level 9 in Maces & Flails
  6409 | D:7      | Gained mutation: You are partially covered in molten scales. (AC +2) [demonic ancestry]
  6409 | D:7      | Reached XP level 9. HP: 61/64 MP: 9/9
  6721 | D:7      | Got a brightly glowing chain mail
  6732 | D:7      | Identified the +3 chain mail of Yesterday {rElec rF- rC+ Int+2} (You found it on level 7 of the Dungeon)
  6776 | D:7      | Found a radiant altar of Vehumet.
  6980 | D:7      | Found a shattered altar of Ashenzari.
  6981 | D:7      | Found an iron altar of Okawaru.
  7016 | D:7      | Found an opulent altar of Gozag.
  7017 | D:7      | Found a deep blue altar of Sif Muna.
  7018 | D:7      | Found a sacrificial altar of Ru.
  7019 | D:7      | Found a glowing silver altar of Zin.
  7171 | D:8      | Identified a scroll of acquirement
  7209 | D:8      | Reached skill level 10 in Maces & Flails
  7240 | D:8      | Found Xoher's Book Emporium.
  7504 | D:8      | Reached *** piety under Hepliaklqana
  7550 | D:8      | Found Xugem's Antique Weapon Shoppe.
  7642 | D:8      | Found a runed door.
  7643 | D:8      | Noticed Mamutox's ghost (novice OgCK)
  7716 | D:8      | Found an ornate altar of the Wu Jian Council.
  7769 | D:8      | Found a stormy altar of Qazlal.
  8096 | D:8      | Found Nez Soty's Antique Weapon Shop.
  8970 | D:10     | Entered Level 10 of the Dungeon
  8976 | D:10     | Noticed Maurice
  8983 | D:10     | Killed Maurice
  8983 | D:10     | Reached skill level 1 in Invocations
  9128 | D:10     | Killed an unseen horror
  9128 | D:10     | Reached skill level 11 in Maces & Flails
  9128 | D:10     | Gained mutation: You have a pair of large horns on your head. [demonic ancestry]
  9128 | D:10     | Reached XP level 10. HP: 72/73 MP: 10/12
  9423 | D:10     | Found a glowing golden altar of the Shining One.
  9439 | D:10     | Killed an unseen horror
  9439 | D:10     | Reached skill level 5 in Invocations
  9631 | D:10     | Reached **** piety under Hepliaklqana
  9898 | D:11     | Noticed a centaur warrior
  9901 | D:11     | HP: 3/75 [centaur/arrow[a centaur warrior] (6)]
  9904 | D:11     | Shot with an arrow by a centaur

Vault maps used:
D:1:      co_arrival_square_in_a_square_in_a_square
D:2:      uniq_natasha, uniq_terence
D:3:      regret_index_temple_of_mockery, yredelemnul_forgotten_temple_becter,
          biasface_ghost_orc_armoury, uniq_ijyb
D:4:      bloody_trog, first_ration, serial_shops, shop
D:5:      serial_shops, shop, basic_altar, uniq_prince_ribbit1, uniq_duvessa
D:7:      grunt_temple_overflow_open, vehumet_statue, minitemple,
          minmay_temple_entry_hall
D:8:      grunt_qazlal_clouds, marbit_many_paths, serial_shops,
          nicolae_shop_stone, kennysheep_little_box, shop,
          ebering_ghost_funeral_grove
D:10:     basic_altar, david_nohive_1, uniq_maurice
D:11:     david_lair_generic, orc_david_3, serial_glass, glass_columns_c,
          glass_columns_a, hex_medium, uniq_fannar

Skill      XL: |  1  2  3  4  5  6  7  8  9 10 |
---------------+-------------------------------+-----
Maces & Flails | 3 4 5 6 7 9 11 | 11.6
Fighting       | 3 4 5 7 8 9 |  9.7
Invocations    | 3 6 |  6.0
Throwing       | |  1.7
Dodging        | |  2.6
Shields        | |  0.2

Action                   |  1- 3 |  4- 6 |  7- 9 | 10-12 || total
-------------------------+-------+-------+-------+-------++-------
Melee: Flail             |    75 |    76 |   260 |    69 ||   480
       Headbutt          |     4 |    17 |    54 |    16 ||    91
       Eveningstar       |       |       |       |     3 ||     3
Throw: Throwing net      |     1 |     2 |     1 |       ||     4
Invok: Ancestor Identity |       |     1 |       |       ||     1
       Recall Ancestor   |       |       |     2 |       ||     2
       Ancestor Life: He |       |       |     1 |       ||     1
Evoke: Wand              |       |       |     2 |       ||     2
  Use: Scroll            |       |       |     9 |     1 ||    10
 Stab: Held in net/web   |     1 |       |       |       ||     1
       Distracted        |       |       |     1 |     3 ||     4
       Confused          |       |       |       |     1 ||     1
  Eat: Chunk             |     1 |     7 |    10 |     4 ||    22
       Ration            |       |       |     2 |       ||     2
Armor: Leather armour    |    27 |    16 |     2 |       ||    45
       Scale mail        |       |       |    21 |       ||    21
       Chain mail        |       |       |    52 |       ||    52
       Plate armour      |       |       |     8 |    55 ||    63
Dodge: Dodged            |    48 |    39 |    78 |    22 ||   187
Block: Buckler           |       |       |       |     2 ||     2

Table legend:
 A = Spawn XP
 B = Non-spawn XP
 C = Spawn XP percentage of total XP
 D = Spawn monster count
 E = Non-spawn monster count
 F = Spawn count percentage of total count
 G = Total turns spent on level
                    A         B        C        D         E        F      G
               +---------+---------+-------+---------+---------+-------+---------
         Total |       0 |    9358 |   0.0 |       0 |     212 |   0.0 |  9904
               +---------+---------+-------+---------+---------+-------+---------
           D:1 |       0 |      20 |   0.0 |       0 |      13 |   0.0 |   953
           D:2 |       0 |     233 |   0.0 |       0 |      29 |   0.0 |  1382
           D:3 |       0 |     100 |   0.0 |       0 |      17 |   0.0 |   922
           D:4 |       0 |     987 |   0.0 |       0 |      22 |   0.0 |  1077
           D:5 |       0 |     463 |   0.0 |       0 |      11 |   0.0 |   522
           D:6 |       0 |     389 |   0.0 |       0 |       8 |   0.0 |  1157
           D:7 |       0 |    1332 |   0.0 |       0 |      30 |   0.0 |  1148
           D:8 |       0 |     791 |   0.0 |       0 |      27 |   0.0 |  1193
           D:9 |       0 |     752 |   0.0 |       0 |      14 |   0.0 |   616
          D:10 |       0 |    4042 |   0.0 |       0 |      34 |   0.0 |   854
          D:11 |       0 |     249 |   0.0 |       0 |       7 |   0.0 |    80
               +---------+---------+-------+---------+---------+-------+---------
